[Event "Early-Titled-Tuesday-Blitz-June-18-2024"]
[Site "Chess.com"]
[Date "2024.06.18"]
[Round "4"]
[White "Triumphmate"]
[Black "NigiriSushies"]
[Result "0-1"]
[WhiteElo "2480"]
[BlackElo "2312"]
[TimeControl "180+1"]
[EndTime "8:40:55 PDT"]
[Termination "NigiriSushies won on time"]

1. e4 b6 2. d4 Bb7 3. Nc3 e6 4. Bd3 Nf6 5. Nf3 Bb4 6. Qe2 d5 7. exd5 Nxd5 8. Bd2 Nc6 9. O-O Nf6 10. Rae1 O-O 11. Ne4 Bxd2 12. Qxd2 h6 13. c3 a5 14. Bb1 a4 15. a3 Ba6 16. Nxf6+ Qxf6 17. Be4 Na5 18. Bxa8 Rxa8 19. Ne5 Nb3 20. Qe3 Bxf1 21. Kxf1 Ra5 22. Kg1 c5 23. Nc4 cxd4 24. cxd4 Rb5 25. Qc3 Nxd4 26. Nd6 Ne2+ 0-1

[Event "Early-Titled-Tuesday-Blitz-June-18-2024"]
[Site "Chess.com"]
[Date "2024.06.18"]
[Round "4"]
[White "Supelyel"]
[Black "maurovargas01"]
[Result "1-0"]
[WhiteElo "2442"]
[BlackElo "1942"]
[TimeControl "180+1"]
[EndTime "8:40:55 PDT"]
[Termination "Supelyel won by checkmate"]

1. c4 e5 2. Nc3 Nc6 3. g3 f5 4. Bg2 Nf6 5. e3 Bb4 6. Nge2 O-O 7.
d3 d6 8. Bd2 Ne7 9. O-O c6 10.
a3 Ba5 11. b4 Bc7 12. f4 Qe8 13. b5 Bd7 14. Rb1 Rb8 15. Qa4 Bb6 16. Qb3 Kh8 17. Na4 Qh5 18. Nxb6 axb6 19. Nc3 Ng4 20. h3 Nf6 21.
Na4 Nc8 22. Qc2 Qg6 23. Kh1 Qxg3 24. Rf3 Qg6 25. Rg1 Qh6 26. Bc3 e4 27. Rg3 Nh5 28.
Rg5 cxb5 29. Qb2 Rf7 30. Bf1 bxa4 31. Qe2 Ne7 32. Rxh5 Qe6 33. Rhg5 Rg8 34. Qh5 h6 35. Rg6 Nxg6 36. Rxg6 Qe7 37. Qxh6# 1-0

[Event "Early-Titled-Tuesday-Blitz-June-18-2024"]
[Site "Chess.com"]
[Date "2024.06.18"]
[Round "4"]
[White "chessfatbear"]
[Black "Fh2411"]
[Result "1-0"]
[WhiteElo "2765"]
[BlackElo "2556"]
[TimeControl "180+1"]
[EndTime "8:40:56 PDT"]
[Termination "chessfatbear won by resignation"]

1. e4 c6 2. d4 d5 3. e5 Bf5 4.
Nf3 e6 5. Be2 Nd7 6. O-O Ne7 7.
c3 h6 8. Nbd2 Bh7 9. a4 a5 10. Re1 Nf5 11. Nf1 Be7 12. Bd3 Nf8 13. b3 Nh4 14. Nxh4 Bxh4 15. Ba3 Be7 16. f4 Bxd3 17.
Qxd3 g6 18. Ne3 h5 19. c4 Bxa3 20. Rxa3 Nd7 21. Ra2 Qb6 22. c5 Qa6 23. Qc3 b6 24.
cxb6 Qxb6 25. Rc2 Rc8 26. Rec1 O-O 27. Qd3 c5 28. dxc5 Rxc5 29. Rxc5 Nxc5 30. Qd4 Nd7 31. Qxb6 Nxb6 32. Rc5 Ra8 33. Nc2 Kf8 34. Nd4 Nd7 35. Rc7 Ke8 36. Kf2 g5 37. g3 h4 38. Kf3 hxg3 39. hxg3 gxf4 40. gxf4 Kd8 41. Rc1 Ke8 42. Ke3 Rb8 43. Rc7 Rb4 44. Rc8+ 1-0

[Event "Early-Titled-Tuesday-Blitz-June-18-2024"]
[Site "Chess.com"]
[Date "2024.06.18"]
[Round "4"]
[White "SkinnyPuppy8"]
[Black "hellokostya"]
[Result "1-0"]
[WhiteElo "2200"]
[BlackElo "2628"]
[TimeControl "180+1"]
[EndTime "8:40:56 PDT"]
[Termination "SkinnyPuppy8 won by checkmate"]

1. e4 c5 2. Nf3 Nc6 3. d3 e5 4. g3 g6 5. Bg2 Bg7 6. Be3 d6 7. Qd2 h6 8. c3 Nge7 9. O-O Be6 10. Nh4 Qd7 11. a3 g5 12. Nf3 f6 13.
b4 b6 14. d4 cxd4 15. cxd4 Bh3 16. Nc3 Kf7 17. Nb5 Rad8 18. d5 Nb8 19. Nxd6+ Qxd6 20. Bxh3 h5 21. Be6+ Kg6 22. Bxg5 Bh6 23. Nh4+ Kg7 24.
Bxh6+ Rxh6 25. Rac1 Rhh8 26. Rc3 Qxe6 27. Rc7 Qg4 28. Rxe7+ Kf8 29. Nf5 h4 30. f3 Qg6 31.
g4 h3 32. Qc3 Nd7 33. Qc7 Qxf5 34. Qxd8# 1-0

[Event "Early-Titled-Tuesday-Blitz-June-18-2024"]
[Site "Chess.com"]
[Date "2024.06.18"]
[Round "4"]
[White "yaguigor"]
[Black "cycygogne"]
[Result "1-0"]
[WhiteElo "2647"]
[BlackElo "2216"]
[TimeControl "180+1"]
[EndTime "8:40:58 PDT"]
[Termination "yaguigor won by resignation"]

1. e4 d5 2. exd5 Qxd5 3. Nc3 Qd6 4. d4 Nf6 5. Nf3 Bg4 6. h3 Bh5 7. g4 Bg6 8. Ne5 a6 9. Bg2 Nc6 10. Nxc6 bxc6 11. Qf3 Nd5 12. Nxd5 cxd5 13. Qxd5 Rb8 14. Qc6+ Qxc6 15. Bxc6+ Kd8 16. c3 Rb6 17. Bf3 e6 18. b4 Bd3 19. Bf4 Bd6 20. Bxd6 cxd6 21. Kd2 Bc4 22. a4 d5 23. Be2 Bxe2 24. Kxe2 Kc7 25. Kd3 Rhb8 26. a5 Rb5 27. f4 Kd6 28.
Rhf1 R5b7 29. f5 Rc8 30. fxe6 fxe6 31. Rf3 Rbc7 32. Kd2 e5 33. dxe5+ Kxe5 34. Re1+ Kd6 35. Rfe3 d4 36. Rd3 Rc4 37. Re4 Rf8 38. Rdxd4+ Rxd4+ 39. Rxd4+ Kc6 40. Ke3 Rf1 41. Rc4+ Kd6 42. Rf4 Rc1 43.
Kd2 Rh1 44. Rf3 Kd5 45. Re3 Rh2+ 46. Kd3 Rh1 47. c4+ Kd6 48. Kd4 Rd1+ 49. Rd3 Rb1 50. c5+ Kc6 51. Kc4 Rb2 52. Rd6+ Kb7 53. Rd7+ Kc6 54. Rxg7 1-0

[Event "Early-Titled-Tuesday-Blitz-June-18-2024"]
[Site "Chess.com"]
[Date "2024.06.18"]
[Round "4"]
[White "vladislavkovalev"]
[Black "LeRoidesChampions"]
[Result "1-0"]
[WhiteElo "2846"]
[BlackElo "2671"]
[TimeControl "180+1"]
[EndTime "8:40:59 PDT"]
[Termination "vladislavkovalev won by resignation"]

1. e4 c5 2. Nf3 d6 3. Bb5+ Nd7 4.
O-O a6 5. Bd3 Ngf6 6. c3 g5 7.
Nxg5 Ne5 8. Be2 Rg8 9. d4 cxd4 10.
cxd4 Ng6 11. Nc3 Nh4 12. e5 Bh6 13. f4 dxe5 14. dxe5 Qb6+ 15. Kh1 Qc6 16. Nf3 Rxg2 17. exf6 Bg4 18. Qd5 Qxf6 19. Ne4 Qg7 20. Nxh4 Rxe2 21.
Ng3 Rd8 22. Qxb7 Qf6 23. f5 Qxh4 24. Nxe2 Bxe2 25. Qc6+ Kf8 26. Qxh6+ Qxh6 27. Bxh6+ Ke8 28. Rf2 Bd3 29. Re1 Rd5 30. Bg5 e5 31. fxe6 fxe6 32. Rxe6+ Kd7 33. Re7+ Kd6 34. Bf6 Bf5 35. Kg2 Bd7 36. Re3 h5 37. Kg3 Kc6 38. h3 Kb7 39.
Rff3 Rd1 40. Rd3 Rg1+ 41. Kf2 1-0

[Event "Early-Titled-Tuesday-Blitz-June-18-2024"]
[Site "Chess.com"]
[Date "2024.06.18"]
[Round "4"]
[White "Karina_Ivanova"]
[Black "howitzer14"]
[Result "0-1"]
[WhiteElo "2274"]
[BlackElo "3025"]
[TimeControl "180+1"]
[EndTime "8:41:01 PDT"]
[Termination "howitzer14 won on time"]

1. c4 f5 2. d4 Nf6 3. Nc3 e6 4. g3 Bb4 5. Bg2 Bxc3+ 6. bxc3 d6 7.
Nf3 Qe7 8. O-O e5 9. c5 e4 10. cxd6 cxd6 11. Ne1 Be6 12. Bg5 Nbd7 13. Nc2 Rc8 14.
Qd2 O-O 15. Ne3 h6 16. Bxf6 Nxf6 17. f4 Qf7 18. Bh3 g6 19. a4 Rc7 20. Ra3 Rfc8 21.
a5 Kh7 22. Rb1 d5 23. Rab3 Ne8 24. Qb2 Nd6 25. Qa3 Rc6 26. Qb4 Qc7 27. g4 Qe7 28.
gxf5 gxf5 29. Ng2 Qf7 30. Ne3 Qh5 31. Bf1 Rg8+ 32. Kh1 Qh4 33. Ng2 Qf2 34. e3 Rg7 35. Qa3 Nc4 36. Qc1 Nd2 37. R3b2 Qxf1+ 38. Qxf1 Nxf1 39.
Rxf1 Rxc3 40. Rfb1 Kg6 0-1

[Event "Early-Titled-Tuesday-Blitz-June-18-2024"]
[Site "Chess.com"]
[Date "2024.06.18"]
[Round "4"]
[White "laskakid"]
[Black "Vengea_nce"]
[Result "0-1"]
[WhiteElo "2384"]
[BlackElo "2660"]
[TimeControl "180+1"]
[EndTime "8:41:02 PDT"]
[Termination "Vengea_nce won on time"]

1. Nf3 Nf6 2. b3 g6 3. Bb2 Bg7 4. g3 b5 5. Bg2 Bb7 6. O-O O-O 7. c4 a6 8. d4 d6 9. Nbd2 Nbd7 10. Qc2 c5 11. d5 Ne8 12. Bxg7 Nxg7 13. e4 e5 14. dxe6 Nxe6 15. Rad1 Qf6 16. Nb1 Ne5 17. Nxe5 dxe5 18.
Nc3 Nd4 19. Qd3 Rfd8 20. Nd5 Bxd5 21. exd5 Qf5 22. Be4 Qh5 23. Rde1 f5 24. Bg2 e4 25. Qd2 Kg7 26. Kh1 Qh6 27. Qxh6+ Kxh6 28. f3 exf3 29. Bxf3 Re8 30. Kg2 Kg5 31. h4+ Kf6 32. Kf2 bxc4 33.
bxc4 Rxe1 34. Rxe1 Rb8 35. d6 Rd8 36. Rb1 Rxd6 37.
Bd5 Nc2 38. Rb7 h6 39. Rc7 Nb4 40. Rxc5 Nd3+ 41. Ke3 Nxc5 42. Kd4 Nd7 43. c5 Nxc5 44. Kxc5 Ke5 45. Bf7 g5 46. hxg5 hxg5 47. Bg8 f4 48. gxf4+ gxf4 49. Bc4 f3 50. a4 f2 51. a5 Rf6 52. Bf1 Ke4 53. Kc4 Ke3 54. Kc5 Kd2 0-1

[Event "Early-Titled-Tuesday-Blitz-June-18-2024"]
[Site "Chess.com"]
[Date "2024.06.18"]
[Round "4"]
[White "Iuckyducky"]
[Black "Mikhail_Golubev"]
[Result "0-1"]
[WhiteElo "2297"]
[BlackElo "2652"]
[TimeControl "180+1"]
[EndTime "8:41:02 PDT"]
[Termination "Mikhail_Golubev won by resignation"]

1. d4 Nf6 2. c4 d6 3. Nf3 g6 4. g3 Bg7 5. Bg2 O-O 6. O-O c6 7. Nc3 Bf5 8. b4 a5 9. b5 Ne4 10. Bb2 Nxc3 11. Bxc3 cxb5 12. cxb5 Be4 13. Rc1 Nd7 14.
Bh3 Nb6 15. Nd2 Bd5 16. a4 f5 17. Nb3 Nxa4 18. Bxa5 Rxa5 19. Nxa5 Qxa5 20. Ra1 Ra8 21.
Qd3 Qd8 22. Bg2 Nb6 23. Rxa8 Qxa8 24. Bxd5+ Nxd5 25. Qc4 e6 26. Rc1 Kf7 27. f3 Qa7 28. e3 Qb6 29. Kf2 Bh6 30. e4 Bxc1 31. exd5 Bg5 32.
dxe6+ Ke7 33. f4 Bf6 34. Ke3 d5 35. Qc8 Qxe6+ 0-1

[Event "Early-Titled-Tuesday-Blitz-June-18-2024"]
[Site "Chess.com"]
[Date "2024.06.18"]
[Round "4"]
[White "gabduschew"]
[Black "CMButgood"]
[Result "1-0"]
[WhiteElo "2308"]
[BlackElo "1992"]
[TimeControl "180+1"]
[EndTime "8:41:02 PDT"]
[Termination "gabduschew won on time"]

1. e4 c5 2. Nf3 d6 3. d4 cxd4 4.
Nxd4 Nf6 5. Bd3 Nc6 6. Nxc6 bxc6 7. c4 g6 8. Nc3 Bg7 9. O-O O-O 10. Qe2 Rb8 11.
Rb1 Nd7 12. Bd2 Ne5 13. Bc2 Ba6 14. b3 Qc7 15. f4 Nd7 16. f5 Ne5 17. Rbd1 Rfd8 18.
Bg5 Nxc4 19. Na4 h6 20. Bc1 Na3 21. Qxa6 Nxc2 22. Qc4 Nb4 23. fxg6 d5 24. gxf7+ Kh8 25. exd5 Nxd5 26. Qh4 Rb4 27. Qh5 Nf6 28. Rxd8+ Qxd8 29.
Rxf6 exf6 30. Bxh6 Rh4 31. Qxh4 1-0

[Event "Early-Titled-Tuesday-Blitz-June-18-2024"]
[Site "Chess.com"]
[Date "2024.06.18"]
[Round "4"]
[White "c63_amg"]
[Black "snowlord"]
[Result "0-1"]
[WhiteElo "2799"]
[BlackElo "2969"]
[TimeControl "180+1"]
[EndTime "8:41:03 PDT"]
[Termination "snowlord won on time"]

1. e4 e5 2. Nf3 Nf6 3. d4 Nxe4 4. dxe5 d5 5. Nbd2 Nc5 6. Be2 Be7 7. O-O O-O 8. Re1 c6 9. Nf1 Nbd7 10. Ng3 Re8 11. Nf5 Bf8 12. Bg5 Qb6 13. Bf1 Ne4 14. Be3 Bc5 15. Bd3 Nxe5 16. Bxe4 dxe4 17. Ne7+ Kf8 18.
Nxe5 Bxe3 19. Rxe3 Rxe7 20. Rxe4 Bf5 21. Re3 Rae8 22. Qd6 Kg8 23. Rae1 h6 24. g4 Be6 25.
Nxf7 Kxf7 26. Qf4+ Kg8 27. Qd6 c5 28. Qf4 Qd8 29.
h4 Bf7 0-1

[Event "Early-Titled-Tuesday-Blitz-June-18-2024"]
[Site "Chess.com"]
[Date "2024.06.18"]
[Round "4"]
[White "amylazy"]
[Black "SirStrateg"]
[Result "0-1"]
[WhiteElo "2465"]
[BlackElo "2687"]
[TimeControl "180+1"]
[EndTime "8:41:03 PDT"]
[Termination "SirStrateg won by checkmate"]

1. d4 d6 2. Nf3 Nf6 3. a4 Nbd7 4.
a5 a6 5. Nc3 e5 6. e4 Be7 7. d5 O-O 8. Be2 c6 9. O-O cxd5 10. exd5 Ne8 11. Be3 f5 12. Na4 Bf6 13. Nb6 Nxb6 14. Bxb6 Qe7 15. c4 g5 16. Re1 g4 17.
Nd2 e4 18. Qc2 Qg7 19. Rab1 Bd7 20. Nf1 Rc8 21. b4 h5 22. c5 Be5 23. Bc4 Nf6 24. c6 Be8 25. Qe2 Ra8 26. Ng3 Bg6 27. Nf1 f4 28. cxb7 Qxb7 29. b5 axb5 30. Rxb5 Qd7 31. Qd2 Rfc8 32. Qb4 Be8 33. Qb3 Rxc4 34. Qxc4 Qxb5 35.
Qc1 Qxd5 36. g3 e3 37. fxe3 Bc6 38. e4 Bd4+ 39. Kg2 Qxe4+ 40. Rxe4 Bxe4# 0-1

[Event "Early-Titled-Tuesday-Blitz-June-18-2024"]
[Site "Chess.com"]
[Date "2024.06.18"]
[Round "4"]
[White "Shivananda1964"]
[Black "axvesik"]
[Result "0-1"]
[WhiteElo "2383"]
[BlackElo "2555"]
[TimeControl "180+1"]
[EndTime "8:41:03 PDT"]
[Termination "axvesik won on time"]

1. e4 e6 2. d4 d5 3. Nd2 c5 4. Ngf3 cxd4 5. exd5 Qxd5 6. Bc4 Qd6 7. O-O Nf6 8. Nb3 Nc6 9. Nbxd4 Nxd4 10. Nxd4 Be7 11. c3 O-O 12. Qe2 Bd7 13. Re1 Qc7 14. Bg5 h6 15. Bh4 Rac8 16. Bb3 Rfe8 17. Rad1 a6 18.
Rd3 e5 19. Bg3 Bd6 20. Nc2 Bb5 21. c4 Bxc4 22. Bxc4 Qxc4 23. Ne3 Qc6 24. Nf5 Bf8 25. Rc3 Qd5 26. Rxc8 Rxc8 27. Qxe5 Qxe5 28. Bxe5 Nd5 29. h3 f6 30. Bd4 Rc2 31. Ne3 Rd2 32. Nxd5 Rxd4 33.
Ne7+ Kf7 34. Nf5 Rd2 0-1

[Event "Early-Titled-Tuesday-Blitz-June-18-2024"]
[Site "Chess.com"]
[Date "2024.06.18"]
[Round "4"]
[White "dhammiko"]
[Black "KINGOF2SOAP"]
[Result "1-0"]
[WhiteElo "2158"]
[BlackElo "2328"]
[TimeControl "180+1"]
[EndTime "8:41:03 PDT"]
[Termination "dhammiko won on time"]

1. e4 g6 2. d4 Bg7 3. Nf3 c5 4. Be3 Qb6 5. b3 Qc7 6. c4 Nf6 7. Nc3 O-O 8. Qd2 cxd4 9. Nxd4 e5 10. Ndb5 Qa5 11. f3 a6 12. Nd6 Nc6 13. Be2 Qb4 14. Nxc8 Raxc8 15. Nd5 Nxd5 16. cxd5 Qxd2+ 17. Kxd2 Nd4 18. Bxd4 exd4 19. Bd3 Rc3 20. f4 Rfc8 21. Rac1 b5 22. g3 b4 23. Rhe1 a5 24. Bc4 d6 25. Rxc3 bxc3+ 26. Kd3 Kf8 27. Rb1 f5 28. exf5 gxf5 29. Re1 Kf7 30. Re6 Rd8 31. Bb5 h5 32. a3 Bf6 33. Bc4 Kg6 34. Kc2 1-0

[Event "Early-Titled-Tuesday-Blitz-June-18-2024"]
[Site "Chess.com"]
[Date "2024.06.18"]
[Round "4"]
[White "averageFM"]
[Black "Aygehovit1992"]
[Result "0-1"]
[WhiteElo "2575"]
[BlackElo "2797"]
[TimeControl "180+1"]
[EndTime "8:41:04 PDT"]
[Termination "Aygehovit1992 won by resignation"]

1. e4 c5 2. Nf3 d6 3. d4 cxd4 4.
Nxd4 Nf6 5. Nc3 g6 6. Be3 Nc6 7. f3 h5 8. Bc4 Bg7 9. Qd2 Bd7 10.
Nxc6 bxc6 11. O-O-O Qa5 12. Kb1 Rb8 13. Bb3 c5 14. e5 dxe5 15. Nd5 Qxd2 16. Rxd2 e4 17. Nc7+ Kf8 18. Na6 Rc8 19. Nxc5 Bc6 20. fxe4 Nxe4 21. Nxe4 Bxe4 22. Rf1 f5 23. Bxa7 Be5 24. h3 Kg7 25. Bd5 Rhd8 26. Rfd1 Rxd5 27. Rxd5 Bxc2+ 28. Ka1 Bxd1 29. Rxd1 Rc2 30. Rb1 Rxg2 31. a4 Rg3 32. Ka2 Rxh3 33. a5 Rd3 34. Bb6 Bb8 35.
b4 h4 36. a6 Rd7 37. Rc1 g5 38. Rc8 Ba7 39. Bxa7 Rxa7 40. b5 h3 41. Rc1 g4 42.
Rh1 f4 43. Kb3 f3 44. Kb4 f2 45. Ka5 g3 46. b6 Rxa6+ 47. Kxa6 g2 0-1

[Event "Early-Titled-Tuesday-Blitz-June-18-2024"]
[Site "Chess.com"]
[Date "2024.06.18"]
[Round "4"]
[White "Sek_Konstantin"]
[Black "tomesao"]
[Result "1-0"]
[WhiteElo "2726"]
[BlackElo "2531"]
[TimeControl "180+1"]
[EndTime "8:41:04 PDT"]
[Termination "Sek_Konstantin won by resignation"]

1. e4 c6 2. c4 d5 3. exd5 cxd5 4.
cxd5 Nf6 5. Nc3 Nxd5 6. Nf3 Nc6 7.
Bb5 e6 8. O-O Be7 9. d4 O-O 10.
Re1 Bd7 11. Bd3 Rc8 12. a3 Bf6 13. Be4 Nce7 14. Bd2 Bc6 15. Bd3 Ng6 16. Ne4 Be7 17. Rc1 Ndf4 18. Bf1 Qb6 19. b4 Bb5 20. Nc5 Bxf1 21.
Rxf1 Rfd8 22. g3 Nd5 23. h4 Bd6 24. h5 Nge7 25. h6 g6 26. Ng5 Nf5 27. Qf3 Be7 28. g4 Bxg5 29. Bxg5 Nxd4 30. Qe4 f6 31. Qxd4 e5 32. Qc4 fxg5 33. Rfd1 Qd6 34. Rd2 b6 35. Rcd1 Qd7 36. Rxd5 Qxg4+ 37. Qxg4 1-0

[Event "Early-Titled-Tuesday-Blitz-June-18-2024"]
[Site "Chess.com"]
[Date "2024.06.18"]
[Round "4"]
[White "JosefineHeinemann"]
[Black "teresin05"]
[Result "1-0"]
[WhiteElo "2493"]
[BlackElo "2307"]
[TimeControl "180+1"]
[EndTime "8:41:04 PDT"]
[Termination "JosefineHeinemann won by resignation"]

1. e4 c5 2. c3 d5 3. exd5 Qxd5 4. d4 g6 5. Nf3 Bg7 6. Nbd2 Nc6 7. Bc4 Qd8 8. dxc5 e6 9. O-O Nge7 10. Ne4 O-O 11.
Qxd8 Rxd8 12. Bg5 h6 13. Bf6 Bxf6 14. Nxf6+ Kg7 15. Ne4 e5 16. Nd6 f6 17. Nxc8 Raxc8 18. Be6 Rc7 19. Rad1 a5 20. Rd6 b6 21. Rfd1 Rb8 22. cxb6 Rxb6 23. b3 a4 24. b4 Rbb7 25. a3 Na7 26. c4 Nac6 27. Rd7 Nd4 28. Rxc7 Nxf3+ 29. gxf3 Rxc7 30. Rd7 Rxd7 31. Bxd7 f5 32. Bxa4 Kf6 33. Bd7 e4 34. fxe4 fxe4 35. c5 Ke5 36. b5 Kd5 37. c6 Kc5 38. c7 Kb6 39. c8=Q Nxc8 40. Bxc8 Kxb5 41. Bb7 Ka4 42. Bxe4 g5 43. Kg2 Kxa3 44. Kg3 Kb4 45. Kg4 Kc5 46. Kh5 Kd4 47.
f3 Ke3 48. Kxh6 g4 49. fxg4 Kxe4 50. g5 1-0

[Event "Early-Titled-Tuesday-Blitz-June-18-2024"]
[Site "Chess.com"]
[Date "2024.06.18"]
[Round "4"]
[White "ReadySkate"]
[Black "Laico"]
[Result "1-0"]
[WhiteElo "2815"]
[BlackElo "2437"]
[TimeControl "180+1"]
[EndTime "8:41:05 PDT"]
[Termination "ReadySkate won on time"]

1. d4 e6 2. c4 f5 3. Nc3 b6 4.
Nf3 Bb4 5. Bd2 Bb7 6. a3 Bxc3 7. Bxc3 Nf6 8. e3 O-O 9. Bd3 Qe8 10. O-O Qg6 11.
d5 Ne4 12. dxe6 Nxc3 13. bxc3 dxe6 14. Be2 Nc6 15. c5 Rad8 16. Qb3 Ne5 17. Kh1 Nxf3 18.
Bxf3 Bxf3 19. gxf3 Rf6 20. Rg1 Qh5 21. Rg3 Rd2 22. Rf1 Rh6 23. h3 Rg6 24. Kh2 Rxg3 25. Qxe6+ Qf7 26. Qc8+ Qf8 27. Qxf8+ Kxf8 28. Kxg3 bxc5 29.
Rb1 Ra2 30. Rb5 Ke7 31. Rxc5 Kd6 32. Ra5 Rc2 33. Rxa7 Rxc3 34. Ra6+ c6 35. Ra7 Rb3 36.
Rxg7 c5 37. Rxh7 c4 38. Rh8 Rb6 39. Rd8+ Kc5 40. Rd1 c3 41. Kf4 Kc4 42. Kxf5 c2 43.
Rc1 Kd3 44. h4 Rb1 45. Rxc2 Kxc2 46. h5 Kd3 47. h6 Kc4 48. e4 Rh1 49. Kg6 Rg1+ 50. Kf6 Rh1 51. Kg7 Rg1+ 52. Kf8 Rh1 53. Kg7 Rg1+ 54. Kf7 Rh1 55. e5 Rxh6 56. e6 Kd5 57. e7 Rh7+ 58. Kf6 1-0

[Event "Early-Titled-Tuesday-Blitz-June-18-2024"]
[Site "Chess.com"]
[Date "2024.06.18"]
[Round "4"]
[White "Dr_Pepper18"]
[Black "JanMur7"]
[Result "1/2-1/2"]
[WhiteElo "2466"]
[BlackElo "2251"]
[TimeControl "180+1"]
[EndTime "8:41:05 PDT"]
[Termination "Game drawn by repetition"]

1. d4 Nf6 2. c4 a6 3. Nc3 b5 4. cxb5 axb5 5. Nxb5 e5 6. dxe5 Ne4 7. Nc3 Bb4 8. Qc2 d5 9. exd6 Bf5 10. Bd2 Nxd6 11. e4 Bxc3 12. Qxc3 Nxe4 13. Qe5+ Kf8 14. Bb4+ c5 15.
Bxc5+ Nxc5 16. Qxc5+ Qe7+ 17. Qxe7+ Kxe7 18. Bc4 Rc8 19. Bb3 Nc6 20. Ne2 Bd3 21. Rd1 Rd8 22. Nf4 Ba6 23. Bd5 Nb4 24. a3 Nxd5 25. Nxd5+ Kf8 26. f3 Rac8 27. Nc3 Rxd1+ 28. Kxd1 Bc4 29. Kc2 Rb8 30. Re1 Bb3+ 31. Kc1 Rd8 32. Re2 f6 33. Rd2 Re8 34. Re2 Rd8 35. Rd2 Re8 36. Re2 Rd8 1/2-1/2

[Event "Early-Titled-Tuesday-Blitz-June-18-2024"]
[Site "Chess.com"]
[Date "2024.06.18"]
[Round "4"]
[White "Kors67"]
[Black "rachidhuilda"]
[Result "1/2-1/2"]
[WhiteElo "2289"]
[BlackElo "2397"]
[TimeControl "180+1"]
[EndTime "8:41:05 PDT"]
[Termination "Game drawn by repetition"]

1. e4 d5 2. exd5 Qxd5 3. Nc3 Qa5 4. d4 c6 5. Nf3 Nf6 6. Bc4 Bf5 7. Bd2 e6 8. Nd5 Qd8 9. Nxf6+ gxf6 10. c3 Nd7 11. Qe2 Qc7 12. h3 O-O-O 13. g4 Bg6 14. Nh4 c5 15. Nxg6 hxg6 16. dxc5 Nxc5 17. O-O-O Bd6 18.
Kb1 Bf4 19. Bxf4 Qxf4 20. Rxd8+ Rxd8 21. Kc2 Ne4 22. Bd3 Qxf2 23. Re1 Qxe2+ 24. Rxe2 Nc5 25.
Bc4 Rh8 26. b4 Nd7 27. Re3 Ne5 28. Bf1 g5 29. c4 Kc7 30. c5 Rd8 31. Bg2 Rd4 32.
a3 Rf4 33. Kc3 Rf2 34. Be4 Ra2 35. Kb3 Rf2 36. Kc3 Rh2 37. Kb3 Rf2 38. Kc3 1/2-1/2

[Event "Early-Titled-Tuesday-Blitz-June-18-2024"]
[Site "Chess.com"]
[Date "2024.06.18"]
[Round "4"]
[White "vladgoncharov"]
[Black "Adrian-thorsen"]
[Result "1-0"]
[WhiteElo "2655"]
[BlackElo "2326"]
[TimeControl "180+1"]
[EndTime "8:41:06 PDT"]
[Termination "vladgoncharov won on time"]

1. d4 e6 2. c4 b6 3. Nc3 Bb7 4. Nf3 Bb4 5. Qc2 f5 6. e3 Nf6 7. Bd3 O-O 8. a3 Bxc3+ 9. Qxc3 d6 10. d5 exd5 11. Bxf5 Ne4 12. Be6+ Kh8 13. Qc2 dxc4 14.
Bxc4 d5 15. Bd3 Nd7 16. b4 c5 17. Bb2 Rc8 18. Qe2 c4 19. Bc2 c3 20. Bc1 Ne5 21.
Bxe4 dxe4 22. Nxe5 Qd5 23. f4 exf3 24. Nxf3 Qh5 25. O-O Rc6 26. Nd4 Rxf1+ 27. Kxf1 Rf6+ 28. Kg1 Qg5 29. e4 Qg6 30. Nf3 Rf4 31. Bxf4 Bxe4 32. Re1 h6 33. Qxe4 1-0

[Event "Early-Titled-Tuesday-Blitz-June-18-2024"]
[Site "Chess.com"]
[Date "2024.06.18"]
[Round "4"]
[White "Matols"]
[Black "zverr1"]
[Result "0-1"]
[WhiteElo "2362"]
[BlackElo "2545"]
[TimeControl "180+1"]
[EndTime "8:41:06 PDT"]
[Termination "zverr1 won by resignation"]

1. d4 Nf6 2. c4 g6 3. g3 Bg7 4. Bg2 O-O 5. Nc3 c5 6. d5 e6 7. Nf3 exd5 8. cxd5 b5 9. Nxb5 Qa5+ 10. Nc3 d6 11. O-O Bf5 12. Nd2 Na6 13. Nc4 Qd8 14. Bf4 Ne8 15. e4 Bc8 16. e5 g5 17. Be3 Rb8 18. Qh5 h6 19. h4 Rb4 20. b3 dxe5 21. hxg5 Bf5 22. gxh6 Bg6 23. hxg7 Bxh5 24. gxf8=Q+ Kxf8 25. Nxe5 Nd6 26. Bh6+ Kg8 27. Rae1 Qf6 28. Bf4 Rxf4 29.
gxf4 Qxf4 30. Re3 Nb4 31. Nd7 Nc2 32. Rg3+ Bg6 33. Rd1 Nd4 34. Re1 N6f5 35. Re8+ Kg7 36. Ne4 Ne2+ 37. Kh2 Nexg3 38. fxg3 Qh6+ 39. Kg1 Qe3+ 40. Kh2 Nxg3 41. Ndf6 Nxe4 42. Nxe4 f5 43. Nd6 Qf4+ 44.
Kg1 Bxe8 45. Nxe8+ Kf8 46. Nf6 Qd4+ 0-1

[Event "Early-Titled-Tuesday-Blitz-June-18-2024"]
[Site "Chess.com"]
[Date "2024.06.18"]
[Round "4"]
[White "BestestBP"]
[Black "anemih"]
[Result "0-1"]
[WhiteElo "2269"]
[BlackElo "2482"]
[TimeControl "180+1"]
[EndTime "8:41:08 PDT"]
[Termination "anemih won on time"]

1. e4 c5 2. Nf3 g6 3. d4 cxd4 4. Nxd4 Bg7 5. Be3 Nc6 6. Nc3 Nf6 7. Be2 O-O 8. O-O d5 9. exd5 Nb4 10. Bf3 Nbxd5 11.
Nxd5 Nxd5 12. Bg5 h6 13. Bh4 g5 14. Bg3 e5 15. Nb5 Be6 16. Re1 f6 17. c4 Nb4 18.
Qb3 Nc6 19. Rad1 Qe7 20. Bd5 Rfd8 21. Bxe6+ Qxe6 22. Nc7 Qf7 23. Nxa8 Rxa8 24. f3 Nd4 25. Qc3 Rd8 26. Bf2 Ne2+ 27. Rxe2 Rxd1+ 28. Re1 Qd7 29. Bxa7 Rxe1+ 30. Qxe1 Qa4 31. Be3 Qxa2 32. Qc3 Qb1+ 33.
Kf2 Bf8 34. c5 Qa2 35. h3 Qd5 36. b4 h5 37. Kg3 h4+ 38. Kh2 Kf7 39. b5 e4 40.
fxe4 Qxe4 41. c6 bxc6 42. bxc6 Bd6+ 43. Kh1 Qe5 44. Qxe5 Bxe5 45. Kg1 Ke6 46. Kf2 Kd6 47. Kf3 Kxc6 48. Ke4 Kd6 49. Kf5 Kd5 50. Bd2 Kd4 51. Bc1 Kd5 52. Bd2 Bb2 53. Be3 Kc4 54. Bd2 Kd3 55. Ba5 Ke2 56. Bc7 Kf2 0-1

[Event "Early-Titled-Tuesday-Blitz-June-18-2024"]
[Site "Chess.com"]
[Date "2024.06.18"]
[Round "4"]
[White "Msb2"]
[Black "luckyswitchback"]
[Result "1-0"]
[WhiteElo "3059"]
[BlackElo "2837"]
[TimeControl "180+1"]
[EndTime "8:41:10 PDT"]
[Termination "Msb2 won on time"]

1. d4 d5 2. c4 e6 3. Nc3 c6 4.
Nf3 dxc4 5. e4 b5 6. Qc2 Bb4 7. Be2 Nf6 8. O-O O-O 9. e5 Nd5 10. Ng5 g6 11. Nge4 Nd7 12. a4 Bb7 13. Bg5 Be7 14.
Bxe7 Qxe7 15. Nd6 N7b6 16. a5 Nxc3 17. bxc3 Nd5 18. a6 Bc8 19. Qd2 f5 20. Bf3 Bd7 21. Rfb1 Rad8 22. Bxd5 exd5 23. Qb2 Be6 24. f4 g5 25. fxg5 Qxg5 26. Rf1 f4 27. Rf2 Rd7 28. Raf1 Rg7 29. Kh1 h5 30. Qd2 h4 31. h3 f3 32.
Qxg5 Rxg5 33. Rxf3 Rxf3 34. Rxf3 Rg3 35. Rf6 b4 36.
cxb4 c3 37. Rf2 Rd3 38. Rc2 Bxh3 39. b5 cxb5 40. Nxb5 Bd7 41. Nxa7 Kf7 42. Kg1 Ke7 43. Kf2 h3 44. gxh3 Rxh3 45. Rc1 c2 46. Ke2 1-0

[Event "Early-Titled-Tuesday-Blitz-June-18-2024"]
[Site "Chess.com"]
[Date "2024.06.18"]
[Round "4"]
[White "mortngabriel"]
[Black "elis06"]
[Result "0-1"]
[WhiteElo "2505"]
[BlackElo "2368"]
[TimeControl "180+1"]
[EndTime "8:41:11 PDT"]
[Termination "elis06 won on time"]

1. c4 e6 2. g3 d5 3. Bg2 Nf6 4.
Nf3 c5 5. cxd5 exd5 6. O-O d4 7. e3 dxe3 8. dxe3 Qxd1 9. Rxd1 Nc6 10. Nc3 a6 11.
Na4 Be7 12. Nb6 Rb8 13. e4 Bg4 14. Bf4 Rd8 15. Rxd8+ Bxd8 16. Nc4 O-O 17. Nfe5 Nxe5 18. Nxe5 Be6 19. b3 Bc7 20. Nd3 Bxf4 21. Nxf4 Rd8 22.
e5 Nd7 23. Rd1 Kf8 24. Bxb7 Bf5 25. Bxa6 Ra8 26. e6 fxe6 27. Rxd7 Rxa6 28. a4 Rb6 29. Rc7 Rxb3 30. Rxc5 Be4 31. Kf1 Ke7 32. Rb5 Ra3 33. a5 g5 34. Rb4 Bc6 35. Ne2 Ra1+ 0-1

[Event "Early-Titled-Tuesday-Blitz-June-18-2024"]
[Site "Chess.com"]
[Date "2024.06.18"]
[Round "4"]
[White "Dewarfd"]
[Black "Senn71"]
[Result "0-1"]
[WhiteElo "2124"]
[BlackElo "2345"]
[TimeControl "180+1"]
[EndTime "8:41:11 PDT"]
[Termination "Senn71 won on time"]

1. Nf3 d5 2. c4 c6 3. cxd5 cxd5 4. g3 Nf6 5. Bg2 Nc6 6. O-O Bg4 7. d3 e6 8. a3 Bd6 9. Bg5 h6 10. Bd2 O-O 11. b4 a6 12. Nc3 Rc8 13. b5 Ne5 14. bxa6 bxa6 15. Nd4 Qe7 16. Re1 Bc5 17. Nb3 Ba7 18. a4 Bh5 19. a5 Neg4 20. d4 Nd7 21.
Na4 Ngf6 22. Rc1 Qa3 23. Nac5 Nxc5 24. Nxc5 Bxc5 25. dxc5 Rxc5 26. Rb1 Rfc8 27. Bb4 Qa2 28. Bxc5 Rxc5 29. Qb3 Qxb3 30. Rxb3 Rxa5 31. e3 Bg6 32. Rb8+ Kh7 33. Rb7 Ra2 34. Bf1 a5 0-1